 Dungeon Crawl Stone Soup version 0.28-a0-224-g76b539d98b (webtiles) character file.

Game seed: 16034851438390406005

2968 fkvnlks the Geomancer (level 9, -8/49 HPs)
             Began as a Gargoyle Earth Elementalist on Aug 21, 2021.
             Killed by divine providence
             ... invoked by an orc priest
              (11 damage)
             ... on level 7 of the Dungeon.
             The game lasted 00:19:31 (9146 turns).

fkvnlks the Geomancer (Gargoyle Earth Elementalist) Turns: 9146, Time: 00:19:36

Health: -8/49      AC: 15    Str: 12    XL:     9   Next: 82%
Magic:  0/18       EV: 12    Int: 19    God:
Gold:   337        SH:  0    Dex: 10    Spells: 16/20 levels left

rFire   . . .      SeeInvis .   h - +1 long sword
rCold   . . .      Faith    .   (no shield)
rNeg    + + .      Spirit   .   o - +2 robe {rN+}
rPois   ∞          Reflect  .   e - +0 helmet
rElec   +          Harm     .   (no cloak)
rCorr   .          Rampage  .   d - +1 pair of gloves
Will    .....                   a - +0 pair of boots
Stlth   ++........              (no amulet)
HPRegen 0.16/turn               (no ring)
MPRegen 0.16/turn               (no ring)

@: no status effects
A: sickness immunity, AC +6, negative energy resistance 1, electricity
resistance, torment resistance 1, petrification resistance
a: no special abilities


You were on level 7 of the Dungeon.
You visited 2 branches of the dungeon, and saw 8 of its levels.
You also visited: Ossuary.

You collected 387 gold pieces.
You spent 50 gold pieces at shops.

Inventory:

Hand Weapons
 h - a +1 long sword (weapon)
Missiles
 c - 118 stones
Armour
 a - a +0 pair of boots (worn)
 d - a +1 pair of gloves (worn)
 e - a +0 helmet (worn)
 o - a +2 robe of positive energy (worn)
 p - the +1 robe of the Trilobite {rN++}
   (You found it on level 4 of the Dungeon)

   rN:        It greatly protects you from negative energy.
Jewellery
 n - an amulet of the acrobat
Scrolls
 f - 5 scrolls of teleportation
 g - 2 scrolls of blinking
 k - a scroll of magic mapping
 u - a scroll of torment
Potions
 b - 2 potions of flight
 i - 2 potions of heal wounds
 j - a potion of cancellation
 l - a potion of brilliance
 m - 2 potions of lignification
 q - a potion of might {unknown}
 r - 2 potions of mutation {unknown}
 t - 3 potions of curing {unknown}
 w - a potion of magic {unknown}
 x - a potion of haste {unknown}


   Skills:
 + Level 2.7 Fighting
 + Level 2.2 Long Blades
 + Level 2.6 Armour
 + Level 2.8 Dodging
 - Level 2.1 Stealth
 + Level 6.4 Spellcasting
 * Level 8.1 Conjurations
 - Level 0.7 Transmutations
 + Level 8.8 Earth Magic


You had 16 spell levels left.
You knew the following spells:

 Your Spells              Type           Power      Damage    Failure   Level
a - Sandblast             Erth           78%        2d17      1%          1
b - Stone Arrow           Conj/Erth      76%        3d11      1%          3

Your spell library contained the following spells:

 Spells                   Type           Power      Damage    Failure   Level
 Magic Dart               Conj           100%       1d8       1%          1
 Searing Ray              Conj           72%        3d6       1%          2
 Passwall                 Tmut/Erth      20%        N/A       2%          2
 Petrify                  Tmut/Erth      24%        N/A       16%         4
 Fulminant Prism          Conj/Hex       10%        3d9       21%         4


Dungeon Overview and Level Annotations

Branches:
Dungeon (7/15)             Temple (1/1) D:5         Ossuary (visited)

Altars:
Ashenzari
Dithmenos
Elyvilon
Fedhas
Hepliaklqana
Kikubaaqudgha
Nemelex Xobeh
Okawaru
Qazlal
Trog
Uskayaw
Yredelemnul
Zin
The Shining One

Shops:
D:1 !   D:3 (   D:4 :

Annotations:
D:5 2 transporters, anet's ghost, weakling GnDe


Innate Abilities, Weirdness & Mutations

You are immune to sickness and miasma.
Your stone body is resilient. (AC +6)
You are immune to poison.
You resist negative energy. (rN+)
You are resistant to electric shocks. (rElec)
You are resistant to unholy torment.
You are immune to petrification.


Message History

Aiming: Stone Arrow (safe; 1% risk of failure)
Press: ? - help, Shift-Dir - straight line, f/p - Duvessa
Aim: Duvessa, wielding a +0 rapier and wearing a +0 leather armour (severely wounded, berserk, 77% to hit)
The stone arrow hits Duvessa!
Duvessa is almost dead.
Duvessa closely misses you. Duvessa hits you with a +0 rapier.
The orc priest invokes the aid of Beogh against you.
Beogh smites you!
Casting: Stone Arrow (safe; 1% risk of failure)
Confirm with . or Enter, or press ? or * to list all spells.
Aiming: Stone Arrow (safe; 1% risk of failure)
Press: ? - help, Shift-Dir - straight line, f/p - Duvessa
Aim: Duvessa, wielding a +0 rapier and wearing a +0 leather armour (almost dead, berserk, 77% to hit)
The stone arrow hits Duvessa!
You kill Duvessa!
The orc warrior barely misses you.
The orc priest looks braver for a moment.
Casting: Stone Arrow (safe; 1% risk of failure)
Confirm with . or Enter, or press ? or * to list all spells.
Aiming: Stone Arrow (safe; 1% risk of failure)
Press: ? - help, Shift-Dir - straight line, f - orc warrior
Aim: an orc warrior, wielding a +0 dire flail and wearing a +0 chain mail (berserk, 71% to hit)
The stone arrow misses the orc warrior.
The stone arrow hits the orc!
You kill the orc!
The orc warrior hits you with a +0 dire flail.
* * * LOW HITPOINT WARNING * * *
You feel much better.
The orc warrior hits you with a +0 dire flail!
The orc warrior barely misses you.
You riposte.
You barely miss the orc warrior.
You feel much better.
The orc warrior hits you with a +0 dire flail!
It was a potion of cancellation.
You feel magically purged.
The orc warrior hits you with a +0 dire flail.
The orc warrior hits you with a +0 dire flail!!
Ouch! That really hurt!
* * * LOW HITPOINT WARNING * * *
The orc priest mumbles some strange prayers to Beogh against you.
Beogh smites you!
You die...

#........#
#.
#.######.#
#. #.# #.#
#. #.#
#.########.
#.#
#..........
#.#
##########.
#.# #. #.#
#. #@# #.
#o# #. #)#
## #o# .
#.# .(# #..
..#


You could see an orc warrior (berserk) and an orc priest.

Vanquished Creatures
  A gargoyle (D:5)
  A steam dragon (D:7)
  A water moccasin (D:5)
  Duvessa (D:7)
  3 black bears
  An ice beast (D:5)
  A sky beast (D:7)
  A centaur (D:5)
  2 ogres (D:6)
  A phantom (D:5)
  5 elf zombies (Ossuary)
  A bullfrog (D:5)
  A water moccasin zombie (D:5)
  2 scorpions (D:5)
  2 water moccasin skeletons
  2 centaur zombies
  A bullfrog zombie (D:5)
  A jelly (D:6)
  A hound (D:3)
  2 human zombies (Ossuary)
  4 orc priests
  A bullfrog skeleton (D:3)
  Jessica (D:2)
  2 iguanas
  4 orc wizards
  2 hound zombies (Ossuary)
  4 mummies
  2 howler monkey zombies
  8 adders
  3 gnolls (D:5)
  A shadow imp (D:6)
  3 white imps
  5 adder zombies (Ossuary)
  An adder skeleton (D:4)
  3 worms
  3 dart slugs
  11 orcs
  6 bats
  8 endoplasms
  6 giant cockroaches
  A gnoll zombie (Ossuary)
  4 hobgoblins
  7 quokkas
  4 ball pythons
  3 frilled lizards
  4 goblins
  2 goblin zombies (Ossuary)
  4 hobgoblin zombies (Ossuary)
  3 jackal zombies (Ossuary)
  7 kobolds
  3 kobold zombies
  An orc zombie (Ossuary)
  2 quokka zombies (Ossuary)
  5 rats
  4 rat zombies (Ossuary)
163 creatures vanquished.

Vanquished Creatures (others)
  3 plants
3 creatures vanquished.

Grand Total: 166 creatures vanquished

Notes
Turn   | Place    | Note
-------+----------+-------------------------------------------
     0 | D:1      | fkvnlks the Gargoyle Earth Elementalist began the quest for
                  | the Orb.
     0 | D:1      | Reached XP level 1. HP: 10/10 MP: 3/3
   576 | D:1      | Reached XP level 2. HP: 15/15 MP: 5/5
   688 | D:1      | Found Reol Uxi's Distillery.
   696 | D:1      | Bought a potion of heal wounds for 50 gold pieces
  1674 | D:2      | Reached XP level 3. HP: 13/19 MP: 6/6
  1678 | D:2      | Learned a level 3 spell: Stone Arrow
  1998 | D:2      | Found a faded altar of an unknown god.
  2350 | D:2      | Reached XP level 4. HP: 23/24 MP: 8/8
  2764 | D:2      | Noticed Jessica
  2776 | D:2      | Killed Jessica
  2777 | D:2      | Reached skill level 5 in Earth Magic
  2987 | D:3      | Reached XP level 5. HP: 12/28 MP: 5/10
  3652 | D:3      | Found Nusuug's Weapon Shoppe.
  4240 | D:4      | Identified the +1 robe of the Trilobite {rN++}
  4328 | D:4      | Found Juept's Book Shop.
  4331 | D:4      | Reached XP level 6. HP: 32/32 MP: 9/12
  5093 | D:5      | Entered Level 5 of the Dungeon
  5111 | D:5      | Reached skill level 1 in Conjurations
  5359 | D:5      | Reached XP level 7. HP: 13/36 MP: 9/13
  5728 | D:5      | Noticed a gargoyle
  5739 | D:5      | Killed a gargoyle
  5740 | D:5      | Reached skill level 5 in Spellcasting
  5740 | D:5      | Reached XP level 8. HP: 31/41 MP: 5/15
  5945 | D:5      | Reached skill level 5 in Conjurations
  6108 | D:5      | Found a staircase to the Ecumenical Temple.
  6114 | Temple   | Entered the Ecumenical Temple
  6579 | D:5      | Found a transporter.
  6579 | D:5      | Noticed anet's ghost (weakling GnDe)
  6597 | D:5      | Found a transporter.
  6965 | D:6      | Found a stormy altar of Qazlal.
  7039 | D:6      | Reached skill level 1 in Fighting
  7039 | D:6      | Reached XP level 9. HP: 34/47 MP: 12/18
  7077 | D:6      | Found a sand-covered staircase.
  7082 | D:6      | Reached skill level 1 in Armour
  7085 | Ossuary  | Entered an ossuary
  7245 | Ossuary  | Reached skill level 1 in Long Blades
  9128 | D:7      | Noticed Dowan
  9128 | D:7      | Noticed Duvessa
  9133 | D:7      | Noticed Dowan
  9133 | D:7      | Dowan changed into Dowan the bullfrog
  9136 | D:7      | Noticed Dowan
  9136 | D:7      | Dowan the bullfrog changed into Dowan the steam dragon
  9138 | D:7      | Killed Dowan the steam dragon
  9142 | D:7      | Killed Duvessa
  9146 | D:7      | Killed from afar by an orc priest

Illustrated notes

Levels and vault maps discovered:
D:1:      ncdulo_smallfort, layout_basic, serial_shops, shop
D:2:      layout_basic, shapermc_ecumenical_altar_mp_ritualfount, uniq_jessica
D:3:      layout_basic, serial_shops, nicolae_shop_trees
D:4:      layout_gridville, serial_shops, nicolae_shop_statue_plus,
          minmay_fountain_box, hangedman_glass_teeth
D:5:      layout_loops_cross, minmay_temple_entry_hall,
          gammafunk_ghost_mausoleum, kennysheep_boxes
D:6:      layout_basic, grunt_qazlal_sundering, nicolae_ossuary_entry_giza
D:7:      layout_loops_ring, chequers_jeans, uniq_duvessa, uniq_pikel,
          uniq_crazy_yiuf_cottage
Temple:   cyrus_circular_temple

Skill      XL: |  1  2  3  4  5  6  7  8  9 |
---------------+----------------------------+-----
Earth Magic    | 4 5 6 7 8 |  8.8
Spellcasting   | 3 4 5 6 |  6.4
Conjurations   | 3 4 7 8 |  8.1
Fighting       | 1 2 |  2.7
Armour         | 2 |  2.6
Dodging        | 2 |  2.8
Long Blades    | 2 |  2.2
Stealth        | |  2.1
Transmutations | |  0.7

Action                   |  1- 3 |  4- 6 |  7- 9 || total
-------------------------+-------+-------+-------++-------
Melee: Whip              |     8 |       |       ||     8
       Long sword        |    74 |   125 |   245 ||   444
 Cast: Sandblast         |    12 |    26 |    84 ||   122
       Stone Arrow       |       |       |    19 ||    19
Evoke: Wand              |       |       |     7 ||     7
  Use: Scroll            |       |    11 |     3 ||    14
       Potion            |       |       |     5 ||     5
 Stab: Sleeping          |     3 |     4 |     4 ||    11
Armor: Robe              |    32 |    76 |   201 ||   309
       Skin              |       |       |     2 ||     2
Dodge: Dodged            |    41 |   101 |   241 ||   383
       Rpst.: Long sword |    10 |    27 |    75 ||   112

Table legend: (Time is in decaauts)
 A = Elapsed time spent in this place.
 B = Non-inter-level travel time spent in this place.
 C = Inter-level travel time spent in this place.
 D = Time resting spent in this place.
 E = Time spent auto-exploring this place.
 F = Levels seen in this place.
 G = Mean time per level.
                   A        B        C        D        E       F      G
               +--------+--------+--------+--------+--------+-----+--------+
         Total |   9308 |   9192 |    116 |    626 |   6786 |   9 | 1034.2 |
       Dungeon |   7994 |   7889 |    105 |    288 |   6252 |   7 | 1142.0 |
        Temple |     59 |     48 |     11 |      0 |     20 |   1 |   59.0 |
       Ossuary |   1254 |   1254 |      0 |    338 |    514 |   1 | 1254.0 |
               +--------+--------+--------+--------+--------+-----+--------+

Top non-repeatable levels by time:
     D:5: 1699 daAuts
     D:2: 1484 daAuts
     D:1: 1412 daAuts
     D:3: 1358 daAuts
 Ossuary: 1254 daAuts
     D:6: 973 daAuts
     D:4: 913 daAuts
     D:7: 152 daAuts
  Temple: 59 daAuts
